 Dungeon Crawl Stone Soup version 0.18-a0-1526-gcb34c7c (webtiles) character file.

57 GrosslyIncandescent the Insei (level 3, 0/29 HPs)
             Began as a Mummy Monk on Mar 8, 2016.
             Killed from afar by an orc wizard (10 damage)
             ... with a puff of flame
             ... on level 3 of the Dungeon.
             The game lasted 00:02:11 (2340 turns).

GrosslyIncandescent the Insei (Mummy Monk)          Turns: 2340, Time: 00:02:11

Health: 0/29       AC:  0    Str: 14    XL:     3   Next: 73%
Magic:  3/3        EV: 13    Int:  9    God:
Gold:   84         SH:  0    Dex: 15    Spells: 0 memorised, 2 levels left

rFire  x . .     SeeInvis .       - Unarmed
rCold  + . .     Gourm    .     (no armour)
rNeg   + + +     Faith    .     (no shield)
rPois  ∞         Spirit   .     (no helmet)
rElec  .         Dismiss  .     (no cloak)
rCorr  .         Reflect  .     (no gloves)
SustAt .         Harm     .     (no boots)
MR     .....                    (no amulet)
Stlth  ++........               (no ring)
                                (no ring)

@: not resistant to hostile enchantments, unstealthy
A: no food or potions, fire vulnerability, cold resistance 1, negative energy
resistance 3, torment resistance, unbreathing
a: no special abilities


You were on level 3 of the Dungeon.
You were not hungry.

You visited 1 branch of the dungeon, and saw 3 of its levels.

You collected 84 gold pieces.


Innate Abilities, Weirdness & Mutations

You do not eat or drink.
Your flesh is vulnerable to fire.
You are immune to poison.
Your flesh is cold resistant.
You are immune to negative energy.
You are immune to unholy pain and torment.
You can survive without breathing.


   Skills:
 - Level 3.0 Fighting
 - Level 2.4 Dodging
 - Level 1.5 Stealth
 + Level 4.5 Unarmed Combat


You had 2 spell levels left.
You didn't know any spells.

Inventory:

Scrolls
 a - 2 scrolls of identify {unknown}
 b - a scroll of amnesia {unknown}
 c - a scroll of fear {unknown}
 d - a scroll of fog {unknown}
 e - a scroll of enchant armour {unknown}
 f - 2 scrolls of remove curse {unknown}
 g - a scroll of magic mapping {unknown}

Dungeon Overview and Level Annotations

Branches:
Dungeon (3/15)

Altars:
Dithmenos
Vehumet
Yredelemnul

▒▒▒▒▒▒.▒▒... ...
...(........ ▒.▒
.▒▒▒▒▒..▒%.. .. ...
........▒▒▒. ..▒▒▒▒▒.▒▒
............
.........▒▒▒▒▒.▒▒▒.▒.▒▒.
........... .. ▒......
.........▒▒▒▒▒▒▒▒▒▒▒▒.▒▒
.......M<...............
▒▒.......▒▒▒▒▒▒▒▒▒▒▒▒..▒
▒.....o.▒▒ ▒......
▒........▒ ▒▒▒▒▒▒......
▒........▒ ▒...........
▒.......o▒▒▒...........
▒▒▒▒.....o..o..........
▒▒▒...▒▒▒...........
▒...▒ ▒..........▒


You could see an orc wizard and 2 orcs.


Message History

You start resting!
HP restored!
You now have 84 gold pieces (gained 9)!
Found a scroll labeled WIOCEW TIEX!
g - a scroll labeled WIOCEW TIEX
Found a papyrus book!
An orc comes into view! It is wielding a short sword!
An orc comes into view! It is wielding a whip!
The orc shouts!!!
An orc comes into view!
An orc wizard comes into view! It is wielding a dagger!
The orc shouts!!!
The orc closely misses you!
You squash the orc like an ant!!!
You annihilate the orc!!!
The orc wizard miscasts a cantrip!
The orc hits you with a whip!!!
You squash the orc but do no damage!
The orc hits you with a whip! * * * don't die
* * * You are too injured to fight recklessly!!!
The orc hits you with a whip!!! * * * don't die
* * *
Found a stone staircase leading up!
You see here a papyrus book!
The orc wizard gestures wildly while chanting!
The orc wizard seems to speed up!
The orc wizard casts a cantrip, but nothing happens!
The orc wizard points at you and mumbles some strange words!
The puff of flame hits you!!! The fire burns you terribly!!! rip

Action                   || total
-------------------------++-------
Melee: Unarmed           ||   121
 Stab: Sleeping          ||     4

Vault maps used:
D:1:      enne_arrival_octagon_isle
D:2:      minmay_overflow_temple_star_quad, first_bread, hangedman_decor_push

Notes
Turn   | Place    | Note
--------------------------------------------------------------
     0 | D:1      | GrosslyIncandescent the Mummy Monk began the quest for the Orb.
     0 | D:1      | Reached XP level 1. HP: 18/18 MP: 1/1
   301 | D:1      | Reached XP level 2. HP: 14/24 MP: 2/2
   658 | D:1      | Reached skill level 4 in Unarmed Combat
   964 | D:2      | Found a basalt altar of Yredelemnul.
   971 | D:2      | Found a radiant altar of Vehumet.
   976 | D:2      | Found a shadowy altar of Dithmenos.
  1332 | D:2      | Reached XP level 3. HP: 24/29 MP: 3/3
  2340 | D:3      | Killed from afar by an orc wizard

Vanquished Creatures
  An ooze (D:3)
  4 dart slugs
  3 giant geckos
  An orc (D:3)
  2 giant cockroaches (D:2)
  5 goblins
  10 hobgoblins
  A bat (D:2)
  2 giant newts (D:1)
  4 kobolds
  8 rats
41 creatures vanquished.
